[Event "SixDays Budapest GM-B January 2024"]
[Site "Budapest"]
[Date "2024.01.29"]
[Round "4.2"]
[White "Coenen, Michael"]
[Black "Kaczur, Florian"]
[Result "0-1"]
[ECO "A47"]
[WhiteElo "2330"]
[BlackElo "2506"]
[Annotator "TA"]
[PlyCount "74"]
[EventDate "2024.01.26"]
[EventType "tourn"]
[EventCountry "HUN"]
[SourceTitle "playchess.com"]
[Source "ChessBase"]
[SourceQuality "1"]
[TimeControl "5400+30"]

1. d4 Nf6 2. Nf3 b6 3. g3 Bb7 4. Bg2 g6 5. c4 Bg7 6. b3 c5 7. Bb2 cxd4 8. O-O {[%emt 0:00:21] The position is equal.} O-O 9. Bxd4 d6 10. Bb2 Nbd7 11. Nc3 a6 12. Ne1 Qb8 13. Nc2 Bxg2 14. Kxg2 b5 15. Ne3 bxc4 ({Black should play} 15... Rc8 $15 16. Rb1 e6) 16. Nxc4 $11 Rc8 17. Qd2 (17. Rb1 $11) 17... Qb7+ $15 18. Kg1 d5 19. Ne3 e6 {[%emt 0:00:55][%cal Od5d4] ...d4! is the strong threat.} 20. Rac1 Nc5 21. Ncd1 {[%emt 0:06:33] White is on the road to losing.} Nce4 22. Rxc8+ Rxc8 23. Qa5 Bf8 {[%emt 0:11:35] [#] ...Bb4 would now be deadly.} 24. Qa4 Bb4 25. a3 Be7 26. b4 Qb5 27. Qxb5 axb5 28. f3 {[%emt 0:01:31] [#]} Nd2 29. Re1 Nb3 30. Nf2 d4 31. Nf1 Rc2 32. Nd3 Nd5 $36 {[%emt 0:00:46][%cal Oe6e5][%mdl 2048] Keeping White busy. Black has more active pieces.} 33. e3 (33. Kf2 {keeps fighting.}) 33... Nd2 $19 34. Re2 dxe3 ({Worse is} 34... Nxf3+ 35. Kf2 $11) 35. Kg2 Nc3 36. Bxc3 (36. Nxe3 $2 {is the wrong capture.} Rxb2 37. Rf2 Ra2 $19) 36... Rxc3 37. Rxe3 $2 (37. Ne5) 37... Nc4 {[%emt 0:00:21] Weighted Error Value: White=0.31/Black=0.07 (flawless) .  Mistake:       	White=3     	Black=1      Inaccurate:     	White=6     	Black=3      OK:         	White=8     	Black=17     Best:        	White=2     	Black=3} 0-1

[Event "SixDays Budapest GM-B January 2024"]
[Site "Budapest"]
[Date "2024.01.29"]
[Round "4.3"]
[White "Lee, Alice"]
[Black "Pap, Misa"]
[Result "0-1"]
[ECO "A62"]
[WhiteElo "2379"]
[BlackElo "2422"]
[Annotator "RC"]
[PlyCount "170"]
[EventDate "2024.01.26"]
[EventType "tourn"]
[EventCountry "HUN"]
[SourceTitle "playchess.com"]
[Source "ChessBase"]
[SourceQuality "1"]
[TimeControl "5400+30"]

1. d4 Nf6 2. c4 e6 3. g3 c5 4. d5 exd5 5. cxd5 g6 6. Nc3 d6 7. Bg2 Bg7 8. Nf3 O-O 9. O-O Re8 10. Bf4 Na6 11. Re1 Bg4 12. h3 Bf5 13. g4 Be4 14. Nxe4 Nxe4 15. Rb1 b5 16. Nd2 Nxd2 17. Qxd2 c4 18. Be3 Qc7 19. Rbc1 Rac8 20. Bd4 Bxd4 21. Qxd4 Nc5 22. Rc3 Nd3 23. Rb1 Nc5 24. Kf1 Qa5 25. Ra3 Qb6 26. Qf4 Rc7 27. Rc1 Rce7 28. Rf3 Qc7 29. Rc2 Re4 30. Qd2 a5 31. Qd1 R4e5 32. Rf4 Qe7 33. Rd4 Qf6 34. Bf3 R5e7 35. Kg2 Nd3 36. Rxd3 cxd3 37. Qxd3 Rb8 38. Qd2 b4 39. Rc6 Kg7 40. b3 Qe5 41. Qd3 Ra7 42. Ra6 Rba8 43. Rb6 h5 44. gxh5 gxh5 45. Qe4 Qxe4 46. Bxe4 Ra6 47. Rb7 R8a7 48. Rb8 Rc7 49. Bd3 Raa7 50. Rb6 Rd7 51. f4 Rd8 52. e4 f5 53. exf5 Kf6 54. Kf3 h4 55. Kf2 Rg7 56. Be4 Rg3 57. Rb7 Re8 58. Bg2 Rc3 59. Rd7 Rc2+ 60. Kf3 Ree2 61. Bh1 Rh2 62. Kg4 Rxh1 63. Rxd6+ Ke7 64. Re6+ Kf7 65. Ra6 Rg1+ 66. Kf3 Rf1+ 67. Ke3 Rxa2 68. Kd4 Rd2+ 69. Ke5 Re2+ 70. Kd6 Rxf4 71. Rxa5 Rxf5 72. Ra7+ Kg6 73. Rb7 Rf4 74. Rb8 Re3 75. Kc7 Rc3+ 76. Kd7 Rf7+ 77. Ke6 Re3+ 78. Kd6 Rxb3 79. Rg8+ Rg7 80. Rb8 Kf5 81. Kc6 Rc3+ 82. Kd6 b3 83. Rb7 Rg6+ 84. Ke7 Re3+ 85. Kf7 Rd6 0-1

[Event "SixDays Budapest GM-B January 2024"]
[Site "Budapest"]
[Date "2024.01.29"]
[Round "4.4"]
[White "Varga, Zoltan"]
[Black "Dau Khuong Duy"]
[Result "0-1"]
[ECO "E83"]
[WhiteElo "2366"]
[BlackElo "2309"]
[Annotator "RC"]
[PlyCount "68"]
[EventDate "2024.01.26"]
[EventType "tourn"]
[EventCountry "HUN"]
[SourceTitle "playchess.com"]
[Source "ChessBase"]
[SourceQuality "1"]
[TimeControl "5400+30"]

1. d4 Nf6 2. c4 g6 3. Nc3 Bg7 4. e4 d6 5. f3 O-O 6. Be3 Nc6 7. Qd2 a6 8. O-O-O b5 9. g4 e5 10. d5 Nd4 11. Nce2 Nd7 12. Nxd4 exd4 13. Bxd4 Bxd4 14. Qxd4 bxc4 15. h4 Ne5 16. g5 c5 17. Qc3 Rb8 18. f4 Nd3+ 19. Bxd3 cxd3 20. Nf3 Rb4 21. Nd2 Bg4 22. Rdg1 Be2 23. b3 Qe7 24. h5 Rxe4 25. Nxe4 Qxe4 26. h6 f6 27. gxf6 Qxf4+ 28. Kb2 d2 29. Ka3 Rxf6 30. Qa5 Rf8 31. Rd1 Bxd1 32. Rxd1 Qxh6 33. Rxd2 Qe3 34. Rc2 Qd3 0-1

[Event "SixDays Budapest GM-B January 2024"]
[Site "Budapest"]
[Date "2024.01.29"]
[Round "4.5"]
[White "Celik, Hasan Huseyin"]
[Black "Pang, Tao"]
[Result "0-1"]
[ECO "C05"]
[WhiteElo "2436"]
[BlackElo "2430"]
[Annotator "TA"]
[PlyCount "66"]
[EventDate "2024.01.26"]
[EventType "tourn"]
[EventCountry "HUN"]
[SourceTitle "playchess.com"]
[Source "ChessBase"]
[SourceQuality "1"]
[TimeControl "5400+30"]

1. e4 e6 2. d4 d5 3. Nd2 Nf6 4. e5 Nfd7 5. f4 c5 6. c3 Nc6 7. Ndf3 Qb6 8. g3 a5 9. a4 cxd4 10. cxd4 Bb4+ {[%emt 0:00:23] White has an edge.} 11. Kf2 f6 12. Kg2 g5 13. exf6 Nxf6 14. fxg5 (14. Nxg5 $16 Bd7 15. N1f3) 14... Ne4 $11 15. Bb5 e5 {[%emt 0:05:02] aiming for ...0-0.} 16. Qb3 (16. dxe5 $2 Qf2#) 16... Be6 {[%emt 0:00:50] Hoping for ...0-0.} 17. Be3 (17. Nxe5 $2 O-O (17... Qxd4 $2 18. Ng4 $19) 18. Nd3 Nxd4 $19) 17... O-O 18. Bxc6 bxc6 19. Nxe5 Qa6 $1 20. Qc2 {[%emt 0:03:25] [#] Against Bd2. This move loses the game for White.} (20. Qd3 $1 $15) 20... Bd2 $1 $19 {[%emt 0:02:18][%mdl 512] This pair of bishops is nice.} 21. Bf4 Bxf4 22. gxf4 Rxf4 {[%emt 0:00:10] ...Raf8 is the strong threat.} 23. Ngf3 Raf8 24. h3 Bf7 25. Raf1 Bh5 26. Rhg1 Kh8 27. Kh2 $2 (27. Nh2 Rf2+ (27... Nxg5 28. Rxf4 Rxf4 29. Rf1 $11) 28. Qxf2 Rxf2+ 29. Rxf2) 27... Rxf3 (27... Bxf3 28. Qd3 Qxd3 29. Nxd3 $19) 28. Rxf3 Rxf3 ({Much less strong is} 28... Bxf3 29. g6 Rf6 30. gxh7 $19) 29. Nxf3 Bxf3 30. h4 (30. Rg3 $142 Nxg3 31. Kxg3) 30... Qa7 31. h5 Qxd4 (31... Qc7+ $142 32. Kh3 Qf7 (32... Bxh5 $2 33. Qh2 $19) 33. Qxe4 Bxe4 34. g6 Qf2 (34... hxg6 35. hxg6 Qf3+ 36. Kh4 Qf6+ 37. Kh3 Qf3+ 38. Kh4 Kg7 39. Rg3 Qf2 40. Kh3 Bf5+ 41. Rg4 Qf3+ 42. Kh2 Qxg4 43. b3 Be4 44. b4 Qg2#) 35. Rg5 h6 (35... Qxb2 $2 36. Rg1 $19) (35... Bf5+ 36. Rxf5 Qxf5+ 37. Kg3 Qxh5 38. gxh7 Qxh7 39. Kf4 Qe4+ 40. Kg3 Kh7 41. Kh3 Kg6 42. Kg3 Kf5 43. b3 Qf4+ 44. Kg2 Kg4 45. b4 Qd2+ 46. Kh1 Kf3 47. bxa5 Qg2#) 36. Rg3 Bf5+ (36... Qxb2 37. g7+ Kg8 38. Rg4 Qc3+ 39. Kh2 Qf3 40. Rxe4 dxe4 41. d5 cxd5 42. Kg1 e3 43. Kh2 e2 44. Kg1 e1=Q+ 45. Kh2 Qfh1#) 37. Rg4 Qf3+ (37... Bxg4+ {leads to mate.} 38. Kxg4 Kg7 39. Kh3 Qxd4 40. Kg3 Qe3+ 41. Kh2 d4 42. Kh1 d3 43. Kg2 d2 44. Kh2 d1=Q 45. Kg2 Qdg1#) 38. Kh2 Qxg4 39. b3 Qh3+ (39... Qxh5+ {gets mated.} 40. Kg3 Qxg6+ 41. Kf4 Bg4 42. Kg3 Qe4 43. Kh2 Qf3 44. Kg1 Bh3 45. Kh2 Qg2#) 40. Kg1 Qg3+ 41. Kh1 Be4#) 32. Qxc6 Qe5+ 33. Kh3 Nf2+ {[%emt 0:00:15] Weighted Error Value: White=0.86/Black=0.26 (precise) .  Loses game:     	White=1     	---        Mistake:       	White=3     	---        Inaccurate:     	White=2     	---        OK:         	White=5     	Black=6      Best:        	White=2     	Black=3      Strong:       	---       	Black=1      Brilliant:      	---       	Black=1} 0-1

[Event "SixDays Budapest GM-B January 2024"]
[Site "Budapest"]
[Date "2024.01.29"]
[Round "5.1"]
[White "Pang, Tao"]
[Black "Grover, Sahaj"]
[Result "1-0"]
[ECO "D37"]
[WhiteElo "2430"]
[BlackElo "2503"]
[Annotator "RC"]
[PlyCount "87"]
[EventDate "2024.01.26"]
[EventType "tourn"]
[EventCountry "HUN"]
[SourceTitle "playchess.com"]
[Source "ChessBase"]
[SourceQuality "1"]
[TimeControl "5400+30"]

1. d4 Nf6 2. c4 e6 3. Nf3 d5 4. Nc3 a6 5. cxd5 exd5 6. Bg5 Be6 7. e3 Nbd7 8. h3 Bd6 9. Bd3 c6 10. Bf4 Qb8 11. Bxd6 Qxd6 12. Qc2 O-O 13. O-O g6 14. Rfc1 Qe7 15. a4 Ne8 16. b4 Nd6 17. b5 cxb5 18. axb5 a5 19. Na4 Rfc8 20. Qb2 Ne4 21. Ne5 Rxc1+ 22. Rxc1 Nxe5 23. dxe5 Qb4 24. Qa1 Nd2 25. Nb6 Nb3 26. Rb1 Nxa1 27. Rxb4 axb4 28. Nxa8 Nb3 29. Kf1 Nc5 30. Ke2 b3 31. Kd2 b2 32. Bb1 Ne4+ 33. Bxe4 dxe4 34. Kc2 Bc4 35. b6 Bf1 36. Nc7 Kf8 37. h4 Bxg2 38. Na6 Bh3 39. Nc5 Bc8 40. Kxb2 h5 41. Nxe4 Ke7 42. f4 Bh3 43. Nc5 Bg2 44. e4 1-0

[Event "SixDays Budapest GM-B January 2024"]
[Site "Budapest"]
[Date "2024.01.29"]
[Round "5.2"]
[White "Dau Khuong Duy"]
[Black "Celik, Hasan Huseyin"]
[Result "1/2-1/2"]
[ECO "C18"]
[WhiteElo "2309"]
[BlackElo "2436"]
[Annotator "TA"]
[PlyCount "62"]
[EventDate "2024.01.26"]
[EventType "tourn"]
[EventCountry "HUN"]
[SourceTitle "playchess.com"]
[Source "ChessBase"]
[SourceQuality "1"]
[TimeControl "5400+30"]

1. e4 e6 2. d4 d5 3. Nc3 Bb4 4. e5 c5 5. a3 Bxc3+ 6. bxc3 Qa5 7. Bd2 Qa4 8. Qg4 Kf8 9. Bd3 Ne7 10. Nf3 b6 {[%emt 0:02:18] Black is weak on the dark squares} 11. h4 Ba6 12. h5 {[%emt 0:01:43] [#] h6 would now be deadly. The position is equal.} h6 13. Qf4 Bxd3 14. cxd3 c4 15. Nh4 Ke8 16. O-O Nbc6 17. Qg4 Qc2 18. Rad1 Qxd3 19. Qxg7 Kd7 20. Qg3 (20. Bxh6 $2 {loses.} Qe4 21. g3 Rag8 $19) 20... Qh7 21. f3 Rag8 22. Qf2 Qc2 23. g4 Na5 24. Qe1 Nb3 25. Rf2 {[%emt 0:00:14][%cal Od2g5] Threatens to win with Bg5!} Qh7 26. Ng2 b5 27. Bf4 a5 28. Ne3 Nf5 {[%emt 0:03:58] Prevents Bg3} 29. Ng2 Ne7 30. Ne3 (30. a4 $14) 30... Rf8 (30... Nf5 $11 {remains equal.}) 31. Kh2 Rhg8 {[%emt 0:00:18] Weighted Error Value: White=0.13 (very precise) /Black=0.12 (very precise) .  Mistake:       	White=1     	Black=1      Inaccurate:     	White=2     	Black=3      OK:         	White=4     	Black=9      Best:        	White=1     	Black=1} 1/2-1/2

[Event "SixDays Budapest GM-B January 2024"]
[Site "Budapest"]
[Date "2024.01.29"]
[Round "5.3"]
[White "Pap, Misa"]
[Black "Varga, Zoltan"]
[Result "1/2-1/2"]
[ECO "B22"]
[WhiteElo "2422"]
[BlackElo "2366"]
[Annotator "TA"]
[PlyCount "19"]
[EventDate "2024.01.26"]
[EventType "tourn"]
[EventCountry "HUN"]
[SourceTitle "playchess.com"]
[Source "ChessBase"]
[SourceQuality "1"]
[TimeControl "5400+30"]

1. e4 c5 2. c3 Nf6 3. e5 Nd5 4. d4 cxd4 5. Nf3 Nc6 6. Bc4 Nb6 7. Bb3 d5 8. exd6 ({But not} 8. Nxd4 Nxe5 9. O-O e6 $15) 8... e6 9. cxd4 Bxd6 10. Nc3 {Not much happened in this game.   Weighted Error Value: White=0.05 (flawless) /Black=0.07 (flawless) .  OK:         	White=1     	Black=1} 1/2-1/2

[Event "SixDays Budapest GM-B January 2024"]
[Site "Budapest"]
[Date "2024.01.29"]
[Round "5.4"]
[White "Kaczur, Florian"]
[Black "Lee, Alice"]
[Result "1-0"]
[ECO "C24"]
[WhiteElo "2506"]
[BlackElo "2379"]
[Annotator "TA"]
[PlyCount "135"]
[EventDate "2024.01.26"]
[EventType "tourn"]
[EventCountry "HUN"]
[SourceTitle "playchess.com"]
[Source "ChessBase"]
[SourceQuality "1"]
[TimeControl "5400+30"]

1. e4 e5 2. Bc4 Nf6 3. d3 c6 4. Nf3 d5 5. Bb3 a5 6. a4 {[%emt 0:02:25] C24: Bishop's Opening: 2...Nf6.} Bb4+ 7. c3 Bd6 8. exd5 cxd5 9. Na3 Nc6 10. Nb5 Bb8 11. Bg5 Be6 12. d4 e4 13. Nd2 h6 14. Bh4 g5 15. Bg3 Bf4 16. Nf1 Na7 $146 ({Predecessor:} 16... Qe7 17. Bxf4 gxf4 18. Qd2 e3 19. fxe3 Ne4 20. Qe2 Rg8 21. exf4 O-O-O 22. Ne3 Qh4+ {0-1 Oratovsky,M (2414)-Studer,N (2582) Barbera del Valles 1st 2020 (2)}) 17. Nxa7 Rxa7 18. Ne3 h5 19. c4 Bxe3 20. fxe3 dxc4 21. Bc2 Ng4 22. Bxe4 f5 23. Bf3 Nxe3 24. Qd2 f4 25. Bf2 g4 26. Be4 O-O 27. Bxe3 fxe3 28. Qxe3 Bd5 29. O-O-O Ra6 {[%emt 0:02:21] [#]} 30. Rhf1 ({Better is} 30. Rhe1 $1 $16) 30... Re6 $11 31. Bxd5 Qxd5 32. Rxf8+ Kxf8 33. Qf4+ Ke8 $1 34. Qc7 Re2 35. Rf1 Rc2+ (35... Qxd4 $2 36. Qc8+ Qd8 37. Rf8+ (37. Qxb7 Qd2+ 38. Kb1 Qc2+ 39. Ka1 Qxa4+ 40. Kb1 Qc2+ 41. Ka1 Qa4+ 42. Kb1 Qc2+ 43. Ka1 Qa4+ $11) 37... Kxf8 38. Qxd8+ $18) 36. Kxc2 Qxg2+ 37. Kc3 Qxf1 38. Qc8+ Kf7 39. Qxb7+ Kg6 40. Qe4+ Kg5 41. Qe7+ Kg6 42. Qe8+ Kg5 43. Qd8+ Kg6 44. Qg8+ Kh6 45. Qe6+ Kg5 46. Qe3+ Kh4 47. d5 Qd1 $1 (47... Qh3 $2 48. Qxh3+ Kxh3 49. d6 (49. Kxc4 Kxh2 50. d6 g3 $18) 49... Kxh2 50. d7 $18 (50. Kxc4 g3 $18)) 48. Qg3+ Kg5 49. Qe5+ Kh4 $2 (49... Kg6 $14 50. Kxc4 Qxa4+ 51. Kc5 Qb4+ 52. Kc6 Qc4+ 53. Kb6 Qb4+ 54. Ka6 Qc4+ 55. Kb7 (55. Kxa5 Qc5+ 56. Ka4 Qc4+ 57. Ka5 Qc5+ 58. Ka6 Qc4+ 59. Kb6 Qb4+ 60. Kc6 Qa4+ 61. Kd6 Qa6+ 62. Kc7 Qa7+ 63. Kc6 Qa6+ 64. Kc5 Qa7+ 65. Kb5 Qb7+ 66. Kc4 Qa6+ 67. Kd4 Qb6+ 68. Kc4 Qa6+ 69. Kc5 Qa5+ 70. Kc4 Qa6+ $11) 55... Qb5+ 56. Ka7 Qd7+ 57. Kb6 h4) 50. Kxc4 $18 Qxa4+ 51. Kc5 Qb4+ 52. Kc6 Qc4+ 53. Kd7 Qb5+ 54. Ke7 (54. Kd8 $142 a4 55. Ke7 Qc5+ 56. Ke6) 54... a4 55. Kf6 Qf1+ 56. Kg6 Qd3+ 57. Qf5 Qa6+ 58. Qf6+ Qxf6+ 59. Kxf6 Kh3 60. d6 Kxh2 61. d7 g3 62. d8=Q (62. d8=R $2 {too greedy.} h4 (62... g2 63. Rh8 $11) 63. Ra8 h3 (63... g2 $2 64. Rxa4 h3 65. Ke6 $19) 64. Rxa4 g2 $19) 62... g2 63. Qd6+ Kh1 64. Qd5 h4 65. Kg5 h3 66. Kh4 Kh2 67. Qe5+ Kh1 68. Kxh3 1-0

[Event "SixDays Budapest GM-B January 2024"]
[Site "Budapest"]
[Date "2024.01.29"]
[Round "5.5"]
[White "Gombocz, Ferenc Jr."]
[Black "Coenen, Michael"]
[Result "1/2-1/2"]
[ECO "A14"]
[WhiteElo "2366"]
[BlackElo "2330"]
[Annotator "TA"]
[PlyCount "120"]
[EventDate "2024.01.26"]
[EventType "tourn"]
[EventCountry "HUN"]
[SourceTitle "playchess.com"]
[Source "ChessBase"]
[SourceQuality "1"]
[TimeControl "5400+30"]

1. c4 e6 2. g3 d5 3. Bg2 Nf6 4. Nf3 Be7 5. O-O O-O 6. d4 dxc4 7. Ne5 Nc6 8. Nxc6 bxc6 9. Na3 Bxa3 10. bxa3 Ba6 11. a4 {[%emt 0:00:09] E05: Open Catalan: 5 Nf3 Be7.} Qd6 12. Qd2 Rfb8 13. Qa5 Rb6 (13... Qxd4 $2 {loses.} 14. Be3 Qd6 15. Qxa6 $18) 14. Bf4 $146 ({Predecessor:} 14. Re1 Bb7 15. Qc3 Qb4 16. Qxb4 Rxb4 17. Bd2 Rb2 18. Bc3 Rc2 19. Rec1 Rxc1+ 20. Rxc1 {½-½ Wang,Y (2734)-Zhou,J (2660) CHN-ch Xinghua Jiangsu 2011 (6)}) 14... Qe7 15. Qc5 $1 Qxc5 16. dxc5 Rb2 17. Bxc6 Rc8 18. e4 (18. Rfe1 $11) 18... c3 $15 19. Rfc1 Bb7 (19... Ng4 $1 $15 20. f3 g5 (20... Nxh2 21. Rxc3 g5 22. Bxg5 $18) 21. Rxc3 gxf4 (21... Nxh2 22. Bxg5 Rcb8 23. g4 $16) 22. fxg4 fxg3 23. Rxg3 Rc2) 20. Bxb7 $14 Rxb7 21. f3 Rb4 22. Rxc3 Rxa4 23. Rb1 Kf8 24. a3 Ke7 25. Rb7 Ne8 26. Be3 e5 27. Kf2 Ke6 28. Ke2 g6 29. Kd3 f5 30. Kc2 fxe4 31. Kb3 Ra6 $1 32. fxe4 Kd7 33. Rxa7 Rxa7 34. c6+ Ke6 $1 35. Bxa7 Nd6 36. Re3 Nb5 37. Bc5 Nd4+ 38. Bxd4 exd4 39. Rf3 Ra8 40. Kc4 Ke5 41. Rf7 Rxa3 42. Re7+ $1 Kd6 43. Rxh7 d3 44. Rd7+ Kxc6 45. Rd5 Ra2 46. Kxd3 Rxh2 47. Rg5 Rh6 48. Kd4 Kd6 49. g4 c6 50. Kc4 Ke6 51. Kd4 Kd6 52. e5+ Ke6 53. Kc5 Kf7 54. Kxc6 Rh1 55. e6+ Kxe6 56. Rxg6+ Kf7 57. Rg5 Kf6 58. Rc5 Rg1 59. g5+ Rxg5 60. Rxg5 Kxg5 1/2-1/2

[Event "SixDays Budapest GM-B January 2024"]
[Site "Budapest"]
[Date "2024.01.30"]
[Round "6.1"]
[White "Grover, Sahaj"]
[Black "Coenen, Michael"]
[Result "1-0"]
[ECO "B12"]
[WhiteElo "2503"]
[BlackElo "2330"]
[Annotator "TA"]
[PlyCount "73"]
[EventDate "2024.01.26"]
[EventType "tourn"]
[EventCountry "HUN"]
[SourceTitle "playchess.com"]
[Source "ChessBase"]
[SourceQuality "1"]
[TimeControl "5400+30"]

1. e4 c6 2. d4 d5 3. e5 c5 4. dxc5 e6 5. Nf3 Bxc5 6. a3 Ne7 7. Bd3 (7. b4 $5 Bb6 $8 8. Bd3 $11) 7... Ng6 8. O-O {[%emt 0:01:26] The position is equal.} Nc6 9. Re1 Qc7 10. b4 Be7 11. Bb2 O-O 12. Nbd2 b6 13. Rc1 Rd8 14. c4 (14. g3 $16) 14... dxc4 $11 15. Bxc4 a6 $1 {[%emt 0:06:44] Prevents Bb5} 16. Qb3 b5 $1 17. Bd3 {[%emt 0:00:06] Be4 is the strong threat.} Bb7 18. Bxg6 hxg6 19. Ne4 {[%emt 0:00:05] Nfg5 would now be deadly.} Rd5 (19... Qd7 $1 $11 {remains equal.}) 20. Qe3 {[%emt 0:08:49] White is more active.} Qd7 21. Qf4 ({White should play} 21. Nfg5 $1 $14 Bxg5 (21... Nxe5 $2 22. Qh3 $18) 22. Nxg5 (22. Qxg5 a5 $14)) 21... Rd8 $2 (21... a5 $11 22. Nfg5 Bxg5 23. Nxg5 axb4 24. axb4 Ra2) 22. h4 $2 (22. Nfg5 $18 Bxg5 23. Nxg5) 22... Rd3 $2 {[%emt 0:08:30][%mdl 8192] [#]} (22... Rc8 $11 {and Black is okay.}) 23. h5 $1 $18 gxh5 {[%emt 0:00:56] [#]} 24. Nf6+ Bxf6 $16 (24... gxf6 $2 25. exf6 Rxf3 26. Qg5+ (26. Qxf3 Ne5 $18) (26. gxf3 Bf8 $14) 26... Kf8 27. fxe7+ (27. gxf3 Ke8 $18) 27... Qxe7 28. Qxh5 $18) 25. exf6 {[%emt 0:00:05] Qg5 would kill now.} e5 26. Nxe5 $40 {[%emt 0:03:43][%mdl 128] White has strong attack.} (26. Bxe5 Qg4 27. Bc7 Qxf4 (27... Rxa3 28. Qxg4 hxg4 29. Bxd8 $16) 28. Bxf4 gxf6 $16 (28... Rxa3 29. Bc7 $15)) 26... Nxe5 27. Rxe5 {[%emt 0:00:08] Black must now prevent Rg5.} Rd1+ $2 {[%emt 0:02:41] This costs Black the game.} (27... Qg4 $16 28. Qxg4 hxg4 29. fxg7 g3) 28. Rxd1 $18 Qxd1+ 29. Kh2 Qg4 30. Qxg4 hxg4 31. fxg7 {[%emt 0:00:08][%mdl 4096] Endgame. aiming for Rh5. KRB-KRB} f6 32. Re7 Bc6 33. Bxf6 {[%emt 0:00:07] Threatens to win with Rc7.} Kh7 {[%emt 0:01:03] [#]} (33... Rd6 $142 34. Be5 g3+ 35. Kxg3 Rd8) 34. g8=Q+ $1 {[%emt 0:01:03] White is clearly winning.} Kxg8 35. Rg7+ Kf8 36. Rc7 $1 g3+ 37. fxg3 {[%emt 0:00:14] Weighted Error Value: White=0.28 (precise) /Black=0.46.  Loses game:     	---       	Black=3      Missed win:     	White=1     	---        Mistake:       	White=3     	Black=2      Inaccurate:     	---       	Black=3      OK:         	White=11    	Black=5      Best:        	White=2     	Black=4      Strong:       	---       	Black=2      Brilliant:      	White=1     	---} 1-0

[Event "SixDays Budapest GM-B January 2024"]
[Site "Budapest"]
[Date "2024.01.30"]
[Round "6.2"]
[White "Lee, Alice"]
[Black "Gombocz, Ferenc Jr."]
[Result "0-1"]
[ECO "D10"]
[WhiteElo "2379"]
[BlackElo "2366"]
[Annotator "RC"]
[PlyCount "152"]
[EventDate "2024.01.26"]
[EventType "tourn"]
[EventCountry "HUN"]
[SourceTitle "playchess.com"]
[Source "ChessBase"]
[SourceQuality "1"]
[TimeControl "5400+30"]

1. d4 d5 2. c4 c6 3. cxd5 cxd5 4. Bf4 Nc6 5. e3 Nf6 6. Nc3 a6 7. Be2 e6 8. Nf3 Be7 9. h3 O-O 10. O-O Bd7 11. Rc1 Rc8 12. Na4 Ne4 13. a3 Na7 14. Rxc8 Nxc8 15. Ne5 Be8 16. Nd3 Qa5 17. Nac5 Nxc5 18. dxc5 f6 19. Qc1 e5 20. Bg3 Na7 21. b4 Qa4 22. Bd1 Qb5 23. Qd2 Bf7 24. Nb2 Qc6 25. Bb3 Rd8 26. Rd1 d4 27. Nc4 Nb5 28. Bxe5 fxe5 29. Nxe5 Bxb3 30. Nxc6 bxc6 31. Rb1 Bf7 32. exd4 Nxa3 33. Ra1 Nb5 34. Qf4 Nxd4 35. Qc7 Bf6 36. Rxa6 Re8 37. f4 Bd5 38. Qd7 Re1+ 39. Kh2 h6 40. Ra8+ Kh7 41. Re8 Rd1 42. Qc8 Rd2 43. Rh8+ Kg6 44. Qg4+ Kf7 45. Qh5+ Ke6 46. Qg4+ Ke7 47. Kg1 Bxg2 48. Qxg2 Rxg2+ 49. Kxg2 Ke6 50. Kf2 Kd5 51. Re8 Kc4 52. Rb8 Nb5 53. Rc8 Kd5 54. Ke3 Bc3 55. Rd8+ Kc4 56. Rc8 Nd4 57. Rc7 g5 58. fxg5 hxg5 59. Rc8 Bxb4 60. Ke4 Kxc5 61. Rg8 Bd2 62. Rd8 Nb3 63. Kd3 Bf4 64. Rf8 Kd5 65. Kc3 Nc5 66. Rf5+ Be5+ 67. Kc2 Ne6 68. Rf7 Ke4 69. Rh7 Nf4 70. Kd2 Kf3 71. Rh6 c5 72. Rc6 Bd4 73. Ke1 Nxh3 74. Rc8 g4 75. Rc7 g3 76. Rh7 Nf4 0-1

[Event "SixDays Budapest GM-B January 2024"]
[Site "Budapest"]
[Date "2024.01.30"]
[Round "6.3"]
[White "Varga, Zoltan"]
[Black "Kaczur, Florian"]
[Result "0-1"]
[ECO "B56"]
[WhiteElo "2366"]
[BlackElo "2506"]
[Annotator "TA"]
[PlyCount "66"]
[EventDate "2024.01.26"]
[EventType "tourn"]
[EventCountry "HUN"]
[SourceTitle "playchess.com"]
[Source "ChessBase"]
[SourceQuality "1"]
[TimeControl "5400+30"]

1. Nf3 c5 2. e4 Nc6 3. d4 cxd4 4. Nxd4 Nf6 5. Nc3 d6 6. f3 e5 7. Nb3 Be7 8. Be3 Be6 9. Nd5 Bxd5 10. exd5 Nb8 11. Qd2 Nbd7 12. c4 a5 13. a4 {[%emt 0:04:56] The position is equal.} e4 14. f4 Ng4 15. Bd4 Bf6 16. Be2 Bxd4 17. Qxd4 O-O 18. O-O-O (18. Qc3 $11 h5 19. h3) 18... Ngf6 ({Black should try} 18... Qf6 $1 $15) 19. g4 $11 Nb6 20. c5 ({White should play} 20. h4 $11) 20... dxc5 21. Nxc5 Nfxd5 22. Kb1 Nxf4 {[%emt 0:04:17] Excellent horsemanship.} 23. Qxe4 Qc7 24. Bf3 (24. Bb5 $1 $15 Qxc5 25. Qxf4) 24... Rfe8 25. Qc2 Rac8 26. Rc1 Nbd5 $36 {[%emt 0:03:11][%mdl 2048] Black is on the roll.} 27. Qd2 {[%emt 0:00:58] Prevents b6} Qd6 28. Nxb7 {[%emt 0:01:34] [#] This costs White the game.} (28. Rhd1 $17 {might work better.} Rxc5 29. Rxc5 Qxc5 30. Bxd5 Nxd5 31. Qxd5) 28... Nc3+ $1 $19 29. Qxc3 Qg6+ 30. Ka1 Rxc3 31. Rxc3 Nd3 {[%emt 0:04:07][%cal Oh7h5] Hoping for ...h5!} 32. h3 Nb4 {[%emt 0:00:57] Prevents Bc6. ( -> ...Qe6)} 33. Rd1 $2 {[%emt 0:04:11] [#]} (33. Nc5 $19) 33... Qe6 {[%emt 0:01:04] Weighted Error Value: White=0.54/Black=0.10 (very precise) .  Loses game:     	White=1     	---        Mistake:       	White=4     	Black=1      Inaccurate:     	White=2     	---        OK:         	White=4     	Black=12     Best:        	White=5     	Black=1      Brilliant:      	---       	Black=1} 0-1